 Dungeon Crawl Stone Soup version 0.32-a0-7-ge934b4519a (webtiles) character file.

Game seed: 9043264409178906270

152049 anacleto the Metamorph (level 17, -14/261 HPs)
             Began as a Troll Shapeshifter on Jan 13, 2024.
             Was an Elder of the Shining One.
             Demolished by a +1 eveningstar of flaming (16 damage)
             ... on level 1 of the Elven Halls on Jan 14, 2024.
             The game lasted 02:32:52 (38832 turns).

anacleto the Metamorph (Troll Shapeshifter)        Turns: 38832, Time: 02:32:53

Health: -14/261    AC: 28    Str: 38    XL:     17   Next: 2%
Magic:  3/21       EV:  1    Int:  4    God:    the Shining One [****..]
Gold:   928        SH: 14    Dex:  9    Spells: 11/16 levels left

rFire   . .          .
                       - Unarmed
rCold   . . .        q - +5 Storm Queen's Shield {shock, Fly rElec}
rNeg    + + .        Q - melded +4 fire dragon scales
rPois   +            (helmet currently unavailable)
rElec   +            o - melded scarf {rC+ rF+}
rCorr   .            (gloves unavailable)
SInv    .            (boots unavailable)
Will    +....        s - amulet of regeneration
Stlth   +            h - +5 ring of evasion
HPRegen 2.23/turn    n - +6 ring of strength
MPRegen 0.17/turn

%: no passive effects
@: tree-form, glowing, studying Long Blades
A: stationary, stasis, torment immunity, boosted hp, large, unfitting armour,
(claws 3), regeneration 1, (shaggy fur 1), (tough skin 1), dopey 1, inability to
read after injury 1
a: Renounce Religion, Divine Shield, Cleansing Flame


You were on level 1 of the Elven Halls.
You worshipped the Shining One.
The Shining One was greatly pleased with you.
You were a tree.
You visited 7 branches of the dungeon, and saw 27 of its levels.

You collected 2811 gold pieces.
You spent 1883 gold pieces at shops.

Inventory:

Missiles
 t - 3 boomerangs
 u - 3 silver javelins
 y - 7 poisoned darts
 N - 65 large rocks (quivered)
 R - 4 curare-tipped darts
 T - 4 datura-tipped darts
 V - 3 javelins
Armour
 o - a scarf of resistance (melded)
 q - the +5 Storm Queen's Shield (worn) {shock, Fly rElec}
   (You found it on level 11 of the Dungeon)

   Shock:     When it blocks an attack, it may electrocute the attacker.
   This works even against foes who are a short distance away.
   rElec:     It insulates you from electricity.
   Fly:       It grants you flight.
 Q - +4 fire dragon scales (melded)
Jewellery
 h - a +5 ring of evasion (left branch)
 n - a +6 ring of strength (right branch)
 s - an amulet of regeneration (around neck)
 x - an amulet of reflection
 B - a ring of resist corrosion
 D - a +6 ring of dexterity
 G - a ring of poison resistance
 U - a ring of wizardry
Talismans
 c - a beast talisman (active)
 d - a flux talisman
 k - a blade talisman
Wands
 a - a wand of polymorph (5)
 i - a wand of flame (44)
 w - a wand of digging (4)
 A - a wand of light (3)
 C - a wand of mindburst (22)
 H - a wand of roots (4)
Scrolls
 e - 7 scrolls of immolation
 p - a scroll of fog
 E - a scroll of amnesia
 F - 8 scrolls of poison
 K - a scroll of enchant weapon
 L - 4 scrolls of vulnerability
 M - a scroll of revelation
 W - a scroll of silence {unknown}
Potions
 b - 2 potions of attraction
 f - 13 potions of curing
 g - 3 potions of lignification
 l - 5 potions of enlightenment
 m - 3 potions of cancellation
 r - 3 potions of heal wounds
 v - a potion of resistance {unknown}
 z - 5 potions of mutation
 I - a potion of berserk rage
 J - 2 potions of ambrosia
 P - a potion of brilliance
 S - a potion of magic


   Skills:
 + Level 12.3 Fighting
 + Level 7.6 Throwing
 + Level 7.1 Armour
 + Level 7.2 Dodging
 + Level 7.7 Shields
 + Level 9.0 Unarmed Combat
 + Level 6.4 Earth Magic
 + Level 7.5 Invocations
 * Level 20.3 Shapeshifting


You had 11 spell levels left.
You knew the following spells:

 Your Spells              Type           Power      Damage    Failure   Level
a - Lee's Rapid Deconstr  Erth           2%         3d5*      86%         5

Your spell library contained the following spells:

 Spells                   Type           Power      Damage    Failure   Level
 Magic Dart               Conj           0%         1d3       65%         1
 Shock                    Conj/Air       0%         1d3       65%         1
 Sting                    Conj/Alch      0%         1d3       65%         1
 Blink                    Tloc           0%         N/A       78%         2
 Call Imp                 Summ           0%         N/A       78%         2
 Lesser Beckoning         Tloc           0%         N/A       78%         2
 Scorch                   Fire           0%         2d5       78%         2
 Searing Ray              Conj           0%         2d4       78%         2
 Sublimation of Blood     Necr           0%         N/A       78%         2
 Animate Armour           Summ/Erth      4%         N/A       93%         4
 Leda's Liquefaction      Alch/Erth      1%         N/A       93%         4
 Dazzling Flash           Conj/Hex       0%         N/A       95%         3
 Gell's Gravitas          Tloc           0%         N/A       95%         3
 Summon Ice Beast         Ice/Summ       0%         N/A       95%         3
 Swiftness                Air            0%         N/A       95%         3
 Teleport Other           Tloc           0%         N/A       95%         3
 Volatile Blastmotes      Fire/Tloc      0%         2d10      95%         3
 Airstrike                Air            0%         2d(0-16)  100%        4
 Flame Wave               Conj/Fire      0%         2d4       100%        4
 Fulminant Prism          Conj/Alch      0%         3d5       100%        4
 Ignite Poison            Fire/Alch      0%         N/A       100%        4
 Manifold Assault         Tloc           0%         N/A       100%        4
 Sticky Flame             Fire/Alch      0%         2d4       100%        4
 Summon Lightning Spire   Summ/Air       0%         N/A       100%        4
 Summon Mana Viper        Hex/Summ       0%         N/A       100%        5
 Dispersal                Tloc           0%         N/A       100%        6
 Sculpt Simulacrum        Ice/Alch       0%         N/A       100%        6
 Starburst                Conj/Fire      0%         6d3       100%        6
 Summon Cactus Giant      Summ           0%         N/A       100%        6
 Monstrous Menagerie      Summ           0%         N/A       100%        7
 Ozocubu's Refrigeration  Ice            0%         4d7       100%        7
 Summon Hydra             Summ           0%         N/A       100%        7
 Disjunction              Tloc           0%         N/A       100%        8
 Ignition                 Fire           0%         3d3       100%        8
 Maxwell's Capacitive Co  Air            0%         ∞         100%        8
 Polar Vortex             Ice            0%         N/A       100%        9


Dungeon Overview and Level Annotations

Branches:
Dungeon (15/15)            Temple (1/1) D:5            Lair (5/5) D:11
 Shoals (0/4) Lair:3        Snake (1/4) Lair:2        Slime (0/5) Lair:4
    Orc (2/2) D:12            Elf (2/3) Orc:2        Vaults (0/5) D:14
 Depths (1/4) D:15

Altars:
Ashenzari
Cheibriados
Dithmenos
Elyvilon
Fedhas
Gozag
Hepliaklqana
Kikubaaqudgha
Makhleb
Nemelex Xobeh
Okawaru
Qazlal
Ru
Sif Muna
Trog
Uskayaw
Vehumet
Wu Jian
Xom
Yredelemnul
Zin
The Shining One
Jiyva

Shops:
D:2 [   D:6 [   D:7 [   D:9 (   D:10 ?   D:14 [   Orc:2 *([=   Elf:1 ((=
Elf:2 ::=

Portals:
Ziggurat: Depths:1

Annotations:
D:2 1 runed translucent door, Crazy Yiuf
D:11 3 runed translucent doors
Snake:1 Jorgrun


Innate Abilities, Weirdness & Mutations

You are a tree.
Your roots penetrate the ground, keeping you stationary.
You cannot be teleported.
You are immune to unholy pain and torment.
Your maximum health is greatly increased.
Your equipment is partially melded.
You are too large for most types of armour.
((You have claws for hands.))
Your natural rate of healing is unusually fast.
((You are covered in fur. (AC +1)))
((You have tough skin. (AC +1)))
You are dopey. (Int -2)
You occasionally lose the ability to read scrolls when taking damage.


Message History

The deep elf knight gestures wildly while chanting.
The deep elf knight flickers and vanishes for a moment.
The +1 eveningstar of flaming hits you!!
The +1 eveningstar of flaming attacks as it pursues you!
The +1 eveningstar of flaming hits you!
The +1 eveningstar of flaming burns you.
The +1 eveningstar of flaming hits you!
* * * LOW HITPOINT WARNING * * *
The +1 eveningstar of flaming burns you.
* * * LOW HITPOINT WARNING * * *
You see here a +0 falchion.
You see here a +0 short sword.
The deep elf knight shoots an arrow.
The arrow hits you!
* * * LOW HITPOINT WARNING * * *
There is a stone staircase leading up, spattered with blood here.
You block the +1 eveningstar of flaming's attack.
Your shield discharges, shocking the +1 eveningstar of flaming!
The +1 eveningstar of flaming completely resists.
The deep elf knight unwields a +0 shortbow.
The deep elf knight wields a +0 scimitar.
You block the deep elf knight's attack.
The +1 eveningstar of flaming hits you!!
* * * LOW HITPOINT WARNING * * *
The +1 eveningstar of flaming burns you.
* * * LOW HITPOINT WARNING * * *
You fly upwards.
Reactivating autopickup.
There is a stone staircase leading down here.
Your transformation has ended.
Your scarf of resistance unmelds from your body.
You feel resistant to extremes of temperature.
You turn into a tree.
Your scarf of resistance melds into your body.
Your +4 fire dragon scales melds into your body.
You feel hot and cold all over.
Your roots penetrate the ground.
The deep elf knight gestures at you while chanting.
The shard of ice hits you!!
* * * LOW HITPOINT WARNING * * *
The +1 eveningstar of flaming hits you!
You die...

##.## ##........####
###.###.####.......#
.....#..# ##.......##
###...#.# #.........#
####.##.###.........##
........##...........#
####.#####...........#
##'## #.......(...# #
#...## ##.....♣...##
###....## #......e..#
..##....####.......##
..###....###.[.....#
....#....'..)....###
....#....####...##
...!#...## ##..#
...##..## ##.##
..##..## ##.#.##


You could see a deep elf knight (fast, invisible) and a +1 eveningstar of
flaming.

Vanquished Creatures
  Nikola (Elf:2)
  Agnes (Elf:1)
  A storm dragon (D:11)
  Frances (Orc:2)
  2 deep elf sorcerers (Elf:1)
  Louise (Elf:1)
  An orc warlord (Orc:2)
  The ghost of beavis94 the Geomancer, a journeyman HuEE of Vehumet (Lair:4)
  A stone giant (Orc:1)
  A vampire knight (D:15)
  A minotaur (Lair:4)
  Snorg (Orc:1)
  3 ettins
  A deep elf high priest (Elf:1)
  2 fire dragons
  8 hydras
  6 vault guards
  An ice dragon (D:15)
  3 ogre magi
  4 catoblepae
  7 boulder beetles
  A death knight (D:14)
  6 centaur warriors
  16 dancing weapons
  14 two-headed ogres
  2 tengu warriors
  A deep troll earth mage (D:15)
  A naga warrior (Snake:1)
  An occultist (Depths:1)
  5 deep elf knights
  A vampire mage (Depths:1)
  3 shock serpents (D:11)
  5 skeletal warriors
  A skyshark (Lair:4)
  A fire crab (Lair:5)
  2 sixfirhies (D:11)
  A fire crab (shapeshifter) (Elf:1)
  Pikel (D:5)
  A lindwurm (Lair:3)
  5 deep elf archers (Elf:1)
  17 deep elf zephyrmancers
  16 deep elf pyromancers
  An orc knight (D:12)
  A harpy (shapeshifter) (D:15)
  3 manticores
  An orc sorcerer (Orc:1)
  18 cyclopes
  9 ugly things (D:15)
  A manticore (shapeshifter) (Elf:1)
  Maurice (D:8)
  16 elephants
  A meliai (D:15)
  8 black mambas
  A kobold blastminer (Orc:1)
  6 slime creatures
  A guardian serpent (Snake:1)
  A cane toad (shapeshifter) (D:14)
  11 cane toads
  A water nymph (shapeshifter) (Elf:1)
  3 molten gargoyles (Lair:5)
  The ghost of oldriver the Trooper, a novice DsFi (D:4)
  2 gargoyles
  A torpor snail (Lair:1)
  An unseen horror (D:12)
  Jeremiah (D:8)
  4 rime drakes
  Maggie (D:7)
  3 freezing wraiths
  A kobold demonologist (D:11)
  2 efreet
  A troll (shapeshifter) (Elf:1)
  11 komodo dragons
  A polar bear (Lair:5)
  4 trolls
  Prince Ribbit (D:7)
  20 blink frogs
  A hornet (Lair:2)
  2 glass eyes (Elf:1)
  2 raiju (D:11)
  2 spriggans (shapeshifter)
  8 water elementals
  3 air elementals (Elf:1)
  9 basilisks
  4 centaur simulacra
  A shadow (D:12)
  5 humans (D:14)
  Eustachio (D:4)
  2 wraiths
  33 yaks
  11 wyverns
  5 fire elementals
  8 wargs
  18 vampire mosquitoes
  3 steam dragons (Lair:5)
  3 nagas (Lair:2)
  2 acid dragons
  15 water moccasins
  4 hell hounds
  15 orc warriors
  3 sky beasts
  2 ice beasts
  4 black bears
  9 centaurs
  9 ogres
  9 wolves
  A phantom (D:5)
  2 lemures (D:5)
  A kobold brigand (D:10)
  Blork the orc (D:4)
  8 bullfrogs
  An earth elemental (Elf:1)
  3 scorpions
  13 wights
  11 killer bees
  7 howler monkeys
  4 jellies
  4 electric eels
  4 lava snakes (Lair:5)
  4 bombardier beetles
  7 hounds
  9 orc priests
  3 gnoll boudas
  A sleepcap (D:6)
  5 iguanas
  15 orc wizards
  13 hell rats
  9 gnolls
  An adder (D:5)
  3 white imps
  An ufetubus (D:13)
  4 ribbon worms
  5 dart slugs
  58 orcs
  3 bats
  5 endoplasms
  3 giant cockroaches
  6 goblins
  10 hobgoblins
  2 quokkas
  4 ball pythons
  2 frilled lizards
  8 kobolds
  7 rats
729 creatures vanquished.

Vanquished Creatures (others)
  A black mamba (Lair:5)
  A human (D:14)
  An orc wizard (D:5)
  A butterfly (D:14)
4 creatures vanquished.

Grand Total: 733 creatures vanquished

Notes
Turn   | Place    | Note
-------+----------+-------------------------------------------
     0 | D:1      | anacleto the Troll Shapeshifter began the quest for the
                  | Orb.
     0 | D:1      | Reached XP level 1. HP: 18/18 MP: 0/0
   167 | D:1      | Reached XP level 2. HP: 26/26 MP: 1/1
   386 | D:1      | Reached skill level 1 in Fighting
   685 | D:2      | Reached XP level 3. HP: 33/33 MP: 2/2
   938 | D:2      | Found Bekhliwyc's Antique Armour Shop.
  1222 | D:2      | Found a runed translucent door.
  1223 | D:2      | Noticed Crazy Yiuf
  1485 | D:3      | Reached skill level 1 in Armour
  1544 | D:3      | Reached skill level 1 in Shields
  1544 | D:3      | Reached XP level 4. HP: 41/41 MP: 3/3
  1745 | D:4      | Found a runed translucent door.
  1751 | D:4      | Reached skill level 1 in Throwing
  1775 | D:4      | Noticed Blork the orc
  1783 | D:4      | Killed Blork the orc
  1784 | D:4      | Reached skill level 1 in Invocations
  1784 | D:4      | Reached XP level 5. HP: 48/48 MP: 4/4
  1924 | D:4      | Noticed oldriver's ghost (novice DsFi)
  1973 | D:4      | Noticed Eustachio
  1986 | D:4      | Killed Eustachio
  1987 | D:4      | Reached skill level 4 in Shapeshifting
  1987 | D:4      | Reached XP level 6. HP: 19/57 MP: 5/5
  2587 | D:4      | Found a white marble altar of Elyvilon.
  2720 | D:4      | Found a shimmering altar of Xom.
  2734 | D:5      | Entered Level 5 of the Dungeon
  2763 | D:5      | Noticed an ice beast
  2785 | D:5      | Killed an ice beast
  3057 | D:5      | Reached XP level 7. HP: 55/65 MP: 7/7
  3422 | D:5      | Found a staircase to the Ecumenical Temple.
  3431 | Temple   | Entered the Ecumenical Temple
  3459 | Temple   | Became a worshipper of the Shining One
  3920 | D:5      | Reached skill level 5 in Shapeshifting
  3936 | D:5      | Reached XP level 8. HP: 58/74 MP: 8/8
  4008 | D:6      | Noticed Pikel
  4008 | D:6      | Found Luucwis's Antique Armour Shoppe.
  4162 | D:6      | Noticed a two-headed ogre
  4661 | D:2      | Bought a distressingly furry tower shield for 247 gold
                  | pieces
  4661 | D:2      | Identified the +0 tower shield of Gahiesut {Harm} (You
                  | bought it in a shop on level 2 of the Dungeon)
  5183 | D:5      | Killed Pikel
  5416 | D:6      | Reached skill level 6 in Shapeshifting
  5418 | D:6      | Reached XP level 9. HP: 82/83 MP: 10/10
  5423 | D:6      | Reached * piety under the Shining One
  5863 | D:6      | Killed a two-headed ogre
  5864 | D:6      | Reached skill level 5 in Unarmed Combat
  6097 | D:7      | Found Cheibriados's Comfort Zone.
  6098 | D:7      | Found a snail-covered altar of Cheibriados.
  6137 | D:7      | Reached skill level 7 in Shapeshifting
  6175 | D:7      | Found a sparkling altar of Nemelex Xobeh.
  6326 | D:7      | Noticed Prince Ribbit
  6343 | D:7      | Killed Prince Ribbit
  6504 | D:7      | Reached skill level 8 in Shapeshifting
  6529 | D:7      | Found a basalt altar of Yredelemnul.
  6532 | D:7      | Noticed Maggie
  6536 | D:7      | Killed Maggie
  6537 | D:7      | Reached XP level 10. HP: 65/92 MP: 11/11
  7093 | D:8      | Noticed Maurice
  7149 | D:8      | Killed Maurice
  7150 | D:8      | Reached skill level 9 in Shapeshifting
  7525 | D:8      | Noticed Jeremiah
  7594 | D:8      | Killed Jeremiah
  7854 | D:8      | Reached skill level 10 in Shapeshifting
  7930 | D:8      | Identified a scroll of acquirement
  7930 | D:8      | Acquired a manual of Fighting
  7976 | D:9      | Reached ** piety under the Shining One
  8383 | D:9      | Reached skill level 5 in Fighting
  8387 | D:9      | Noticed a manticore
  8402 | D:9      | Killed a manticore
  8503 | D:9      | Found Akkyhoev's Weapon Boutique.
  9095 | D:10     | Entered Level 10 of the Dungeon
  9163 | D:10     | Found an ancient bone altar of Kikubaaqudgha.
  9163 | D:10     | Found a stormy altar of Qazlal.
  9418 | D:10     | Reached XP level 11. HP: 107/107 MP: 12/12
  9441 | D:10     | Found an iron altar of Okawaru.
  9449 | D:10     | Identified the +4 spear of the Dripping Gods {pain, rF+
                  | rCorr}
  9538 | D:10     | Found Mutonen's Magic Scroll Emporium.
  9543 | D:10     | Bought a scroll of identify for 34 gold pieces
  9583 | D:10     | Found a broken altar of Ashenzari.
  9750 | D:10     | Reached skill level 11 in Shapeshifting
 10165 | D:11     | Noticed a boulder beetle
 10226 | D:11     | Killed a boulder beetle
 10342 | D:11     | Found a staircase to the Lair.
 11024 | D:11     | Found a runed translucent door.
 11034 | D:11     | Noticed a shock serpent
 11034 | D:11     | Noticed a deep elf zephyrmancer
 11034 | D:11     | Noticed a sixfirhy
 11036 | D:11     | Noticed a sixfirhy
 11036 | D:11     | Noticed a shock serpent
 11037 | D:11     | Noticed a storm dragon
 11129 | D:11     | Found a runed translucent door.
 11132 | D:11     | Noticed a boulder beetle
 11144 | D:11     | Killed a boulder beetle
 11158 | D:11     | Noticed a shock serpent
 11211 | D:11     | Found a runed translucent door.
 11221 | D:11     | Found a runed translucent door.
 11668 | D:11     | Found the +5 Storm Queen's Shield {shock, Fly rElec}
 11899 | D:12     | HP: 2/111 [cyclops (24)]
 11968 | D:12     | Found a staircase to the Orcish Mines.
 12079 | D:12     | Reached *** piety under the Shining One
 12666 | D:12     | Noticed an orc knight
 12672 | D:12     | Killed an orc knight
 12673 | D:12     | Reached XP level 12. HP: 91/122 MP: 14/14
 12707 | D:12     | Reached skill level 5 in Shields
 13160 | D:12     | Reached skill level 5 in Throwing
 13573 | D:12     | Reached skill level 5 in Dodging
 13573 | D:12     | Reached skill level 5 in Invocations
 13630 | D:13     | Noticed a four-headed hydra
 13634 | D:13     | Killed a four-headed hydra
 13663 | D:13     | Noticed a boulder beetle
 13677 | D:13     | Killed a boulder beetle
 13742 | D:13     | Reached skill level 12 in Shapeshifting
 13873 | D:13     | Reached skill level 5 in Armour
 14166 | D:13     | Reached **** piety under the Shining One
 14225 | D:13     | Noticed a two-headed ogre
 14227 | D:13     | Killed a two-headed ogre
 14777 | D:12     | Noticed a two-headed ogre
 14782 | D:12     | Killed a two-headed ogre
 14783 | D:12     | Reached skill level 10 in Fighting
 14798 | Orc:1    | Entered Level 1 of the Orcish Mines
 14798 | Orc:1    | Found a burning altar of Makhleb.
 14844 | Orc:1    | Noticed a two-headed ogre
 14849 | Orc:1    | Killed a two-headed ogre
 15795 | Orc:2    | Entered Level 2 of the Orcish Mines
 15795 | Orc:2    | Noticed a stone giant
 16015 | Lair:1   | Entered Level 1 of the Lair of Beasts
 16037 | D:11     | Reached XP level 13. HP: 94/133 MP: 13/16
 18452 | Lair:2   | Paralysed by a hornet for 1 turns
 18921 | Lair:2   | Found a staircase to the Snake Pit.
 18926 | Lair:2   | Got the Directory of Variable Location
 20355 | Lair:3   | Reached skill level 13 in Shapeshifting
 20639 | D:4      | Killed oldriver's ghost
 20913 | Lair:3   | You fall into a shaft and drop 2 floors!
 20913 | Lair:5   | Entered Level 5 of the Lair of Beasts
 21275 | Lair:3   | Found a staircase to the Shoals.
 21701 | Lair:3   | Reached XP level 14. HP: 140/148 MP: 17/17
 21920 | Lair:4   | Noticed beavis94's ghost (journeyman HuEE)
 22459 | Orc:2    | Noticed Snorg
 22469 | Orc:1    | Killed a stone giant
 22564 | Orc:1    | Killed Snorg
 22754 | Orc:2    | Found Icse Cao's Antique Weapon Boutique.
 22766 | Orc:2    | Found Suir's General Store.
 22958 | D:10     | Bought a scroll of acquirement for 884 gold pieces
 22958 | D:10     | Bought 3 scrolls of blinking for 382 gold pieces
 22960 | D:10     | Acquired a manual of Shapeshifting
 23039 | Orc:2    | Found a staircase to the Elven Halls.
 23363 | Orc:1    | Reached skill level 14 in Shapeshifting
 23423 | Orc:2    | Found Guavyh's Antique Armour Boutique.
 23460 | Orc:2    | Found Iliacimat's Jewellery Shoppe.
 23718 | Orc:2    | Noticed an orc warlord
 23725 | Orc:2    | Killed an orc warlord
 24217 | Lair:4   | Reached skill level 15 in Shapeshifting
 24526 | Lair:4   | Found a viscous altar of Jiyva.
 24527 | Lair:4   | Found a staircase to the Slime Pits.
 24727 | Lair:4   | Found a runed translucent gate.
 24727 | Lair:4   | Found a runed translucent gate.
 24727 | Lair:4   | Found a runed translucent gate.
 25151 | Lair:4   | Killed beavis94's ghost
 25152 | Lair:4   | Reached skill level 16 in Shapeshifting
 25730 | Lair:5   | Identified the +7 dagger "Lydon" {freeze, rN++}
 25751 | Lair:5   | Reached skill level 17 in Shapeshifting
 26045 | Lair:5   | Found a basalt altar of Yredelemnul.
 27279 | Lair:5   | Found a large runed translucent door.
 27280 | Lair:5   | Found a large runed translucent door.
 27659 | Lair:5   | Reached XP level 15. HP: 156/156 MP: 19/19
 27937 | D:14     | Found a sacrificial altar of Ru.
 27978 | D:14     | Found Gijisoq's Armour Shoppe.
 28236 | D:14     | Reached skill level 18 in Shapeshifting
 28520 | D:14     | Identified the +9 great sword of the Ecumenical Temple
                  | {venom, *Rage rElec Str+3 Int+4}
 28745 | D:14     | Found a white marble altar of Elyvilon.
 28944 | D:14     | Found a gate to the Vaults.
 29185 | D:14     | Learned a level 5 spell: Lee's Rapid Deconstruction
 29246 | D:15     | Entered Level 15 of the Dungeon
 29530 | D:14     | Reached skill level 1 in Earth Magic
 30156 | Orc:2    | Bought a scroll of teleportation for 39 gold pieces
 30234 | D:10     | Bought a scroll of teleportation for 51 gold pieces
 30234 | D:10     | Bought a scroll of teleportation for 51 gold pieces
 30234 | D:10     | Bought a scroll of immolation for 68 gold pieces
 30234 | D:10     | Bought a scroll of enchant armour for 127 gold pieces
 30553 | D:11     | Reached skill level 19 in Shapeshifting
 30675 | D:11     | Killed a storm dragon
 31436 | D:15     | Identified the amulet "Paatumawn" {Acrobat +Blink Will+
                  | Dex-3}
 31730 | D:14     | Reached skill level 5 in Earth Magic
 31852 | D:15     | Reached XP level 16. HP: 112/165 MP: 20/20
 31892 | D:15     | Found a staircase to the Depths.
 31971 | D:15     | Identified the +8 hand axe "Tormentor" {flame, rF+}
 32464 | Snake:1  | Entered Level 1 of the Snake Pit
 32664 | Depths:1 | Entered Level 1 of the Depths
 32685 | Depths:1 | Found a one-way gateway to a ziggurat.
 33021 | Snake:1  | Noticed Jorgrun
 33359 | Elf:1    | Entered Level 1 of the Elven Halls
 33577 | Elf:1    | Noticed Frances
 33647 | Orc:2    | Killed Frances
 33853 | Elf:1    | Found Ukhlejom's Antique Weapon Emporium.
 33855 | Elf:1    | Found Fanki Puy's Antique Weapon Shoppe.
 33858 | Elf:1    | Found Yvosuzyo's Jewellery Emporium.
 34310 | Elf:1    | Paralysed by an air elemental for 1 turns
 34378 | Elf:1    | Noticed Louise
 34395 | Elf:1    | Killed Louise
 34467 | Elf:1    | Reached skill level 20 in Shapeshifting
 34526 | Elf:1    | Paralysed by an air elemental for 1 turns
 34530 | Elf:1    | Paralysed by an air elemental for 1 turns
 34808 | Elf:1    | Reached ***** piety under the Shining One
 34898 | Elf:1    | Paralysed by an air elemental for 1 turns
 36078 | Elf:1    | Got the Handbook of Subjectivity
 36725 | D:14     | Gained mutation: You occasionally lose the ability to read
                  | scrolls when taking damage. [mutagenic glow]
 36790 | D:14     | Gained mutation: You are dopey. (Int -2) [mutagenic glow]
 37470 | Elf:2    | Found Cexao's Book Shoppe.
 37470 | Elf:2    | Noticed Nikola
 37490 | Elf:2    | Killed Nikola
 37529 | Elf:2    | Found Eklair's Jewellery Shop.
 37530 | Elf:2    | Found Nipauroi's Book Shoppe.
 37796 | Elf:2    | Found a runed translucent gate.
 37796 | Elf:2    | Found a runed translucent gate.
 37798 | Elf:2    | Found a runed translucent gate.
 37818 | Elf:2    | Noticed Agnes
 37938 | Elf:1    | Killed Agnes
 38814 | Elf:2    | Reached XP level 17. HP: 118/174 MP: 0/21
 38832 | Elf:1    | HP: 2/261 [deep elf knight/shard of ice (21)]
 38832 | Elf:1    | Demolished by a +1 eveningstar of flaming

Illustrated notes

Levels and vault maps discovered:
D:1:      minmay_arrival_open_corners, layout_basic
D:2:      layout_rooms, serial_shops, nicolae_lakefront_shop,
          uniq_crazy_yiuf_cottage
D:3:      layout_basic
D:4:      layout_gridville, nicolae_overflow_hidden_temple,
          hellmonk_ghost_happy_afterlife, corexii_hall_statues_i, st_stairs_13,
          uniq_eustachio, uniq_blork_the_orc
D:5:      layout_basic, minmay_temple_entry_stoned_glass,
          hangedman_abyss_or_decor_slice
D:6:      layout_cave_pods, serial_shops, nicolae_stop_n_shop_2, minmay_between,
          uniq_pikel
D:7:      layout_basic, old_standard_altar, amcnicky_altar_gilded,
          minmay_shop_chei, uniq_maggie, uniq_prince_ribbit1
D:8:      layout_cave_pools, uniq_jeremiah, uniq_maurice
D:9:      layout_basic, serial_shops, shop
D:10:     layout_rooms, okawaru_ov_weapons_minmay,
          mainiacjoe_overflow_divided_tiny, ashenzari_conservatory_becter,
          serial_shops, shop
D:11:     layout_layer_cave, erik_lair_island,
          nicolae_guarded_unrand_storm_shield
D:12:     layout_gridville, orc_0_dummy, nooodl_orcs_dogs
D:13:     layout_grid_maze, serial_ice, serial_ice_c, serial_ice_o,
          serial_ice_e, serial_ice_h, portal_ice_cave_entry_pillars_2
D:14:     layout_roguey, ximxim_vaults_locker_room,
          nicolae_elyvilon_peaceful_grove, serial_shops,
          nicolae_shop_mannequins, nicolae_ru_awakened_eye
D:15:     hellmonk_depths_entry_around_the_bend, layout_gridville, minivault_14,
          minmay_pinched_square
Temple:   nicolae_temple_superstar
Lair:1:   regret_index_malice_mire, layout_chaotic_city, serial_rivers,
          chequers_serial_rivers_micro_c, chequers_serial_rivers_small_3,
          chequers_serial_rivers_micro_d, chequers_serial_rivers_micro_b,
          cheibrodos_lair_caveside_slide, grunt_megastairs_1
Lair:2:   layout_cave_pods, nicolae_snake_entry_squirm, lemuel_fruit_fields,
          infiniplex_staircase_pool
Lair:3:   layout_loops_ring, elwin_shoals_entry_rocks
Lair:4:   layout_hall_layers, slime_entry_1, maelrawn_ghost_gauntlet_escape
Lair:5:   cheibrodos_lair_end_hotspot, layout_misc_corridors, basic_altar,
          gammafunk_lair_bear_cave, serial_bayou_shore_b
Snake:1:  layout_basic, st_stairs_2, nicolae_shop_i_like_big_books, uniq_aizul,
          uniq_roxanne, uniq_jorgrun
Orc:1:    layout_diamond_mine, bloody_makhleb
Orc:2:    grunt_orc_gardens, layout_diamond_mine, grunt_orc_garden,
          grunt_orc_garden, grunt_orc_garden, grunt_orc_garden, uniq_snorg
Elf:1:    minmay_elf_arrival_summoners, layout_loops_corners,
          nicolae_elf_shapeshifter_party, onia_ninara_cookie, minmay_shop_star,
          uniq_louise, uniq_frances
Elf:2:    elven_hall_of_blades_hangedman_original [nooodl_blade_entry_preview],
          layout_rooms, wad_floor_pattern_untrapped, minmay_shop_grove,
          lemuel_elevator, uniq_agnes, uniq_nikola
Depths:1: layout_cave_pools, enter_ziggurat_b, minmay_misc_feat_tower,
          serial_shops, statue_bzr, nicolae_shop_advertising_works
          [nicolae_subvault_shop_adworks], nicolae_shop_pleasant_corner_grove,
          nicolae_shop_gaudy_bauble, shop, hangedman_tar_grid_catacomb,
          dancing_weapons_uskayaw, firewood_loft

Skill      XL: |  1  2  3  4  5  6  7  8  9 10 11 12 13 14 15 16 |
---------------+-------------------------------------------------+-----
Fighting       | 1 2 3 6 8 10 11 12 | 12.3
Armour         | 1 2 3 4 5 6 7 |  7.1
Shields        | 1 2 3 4 5 6 7 |  7.7
Throwing       | 1 2 3 4 5 6 7 |  7.6
Dodging        | 2 3 4 5 6 7 |  7.2
Invocations    | 1 2 3 4 5 6 7 |  7.5
Shapeshifting  | 4 5 6 8 10 11 12 13 17 19 20 | 20.3
Unarmed Combat | 4 5 6 7 8 9 |  9.0
Earth Magic    | 5 6 |  6.4

Action                     |  1- 3 |  4- 6 |  7- 9 | 10-12 | 13-15 | 16-18 || total
---------------------------+-------+-------+-------+-------+-------+-------++-------
  Melee: Unarmed           |   104 |    60 |   189 |   406 |   753 |   255 ||  1767
         Punch             |     1 |     3 |     3 |       |       |       ||     7
  Throw: Boomerang         |       |       |    30 |    88 |   141 |     6 ||   265
         Dart              |       |       |       |    19 |     8 |     8 ||    35
         Large rock        |       |       |       |     9 |   131 |   129 ||   269
 Invoke: Divine Shield     |       |       |     2 |    20 |    30 |    11 ||    63
         Cleansing Flame   |       |       |       |       |       |     2 ||     2
Ability: Begin Untransform |     1 |       |       |     2 |       |     3 ||     6
  Evoke: Wand              |       |     7 |     5 |    42 |     8 |     1 ||    63
    Use: Scroll            |       |     4 |     3 |    17 |    23 |    11 ||    58
         Potion            |       |     1 |       |     5 |    11 |     4 ||    21
   Stab: Sleeping          |       |     1 |       |       |       |       ||     1
 Armour: Animal skin       |    61 |    29 |    86 |    50 |       |       ||   226
         Skin              |       |     4 |       |       |       |     2 ||     6
         Steam dragon scal |       |       |       |   185 |   532 |    15 ||   732
         Fire dragon scale |       |       |       |       |       |   252 ||   252
  Dodge: Dodged            |    68 |    43 |   111 |   200 |   421 |   113 ||   956
  Block: Tower shield      |       |       |    33 |   394 |   691 |       ||  1118
         Kite shield       |       |       |       |       |    80 |   204 ||   284
   Form: Beast             |     1 |       |       |     1 |       |     2 ||     4
         Blade             |       |       |       |     1 |       |     1 ||     2

Table legend: (Time is in decaauts)
 A = Elapsed time spent in this place.
 B = Non-inter-level travel time spent in this place.
 C = Inter-level travel time spent in this place.
 D = Time resting spent in this place.
 E = Time spent auto-exploring this place.
 F = Levels seen in this place.
 G = Mean time per level.
                   A        B        C        D        E       F      G
               +--------+--------+--------+--------+--------+-----+--------+
         Total |  39248 |  34298 |   4950 |  10970 |  10886 |  27 | 1453.6 |
       Dungeon |  21899 |  18370 |   3529 |   5277 |   6830 |  15 | 1459.9 |
        Temple |     50 |     29 |     21 |      0 |      0 |   1 |   50.0 |
          Lair |   9529 |   8606 |    923 |   2896 |   2768 |   5 | 1905.8 |
     Snake Pit |     67 |     64 |      3 |     19 |      0 |   1 |   67.0 |
  Orcish Mines |   3489 |   3135 |    354 |   1544 |    625 |   2 | 1744.5 |
   Elven Halls |   4156 |   4040 |    116 |   1233 |    663 |   2 | 2078.0 |
        Depths |     56 |     56 |      0 |      0 |      0 |   1 |   56.0 |
               +--------+--------+--------+--------+--------+-----+--------+

Top non-repeatable levels by time:
    D:11: 3074 daAuts
   Elf:1: 2985 daAuts
  Lair:1: 2528 daAuts
    D:14: 2297 daAuts
    D:12: 2250 daAuts
  Lair:5: 1990 daAuts
  Lair:2: 1941 daAuts
   Orc:1: 1935 daAuts
  Lair:4: 1854 daAuts
    D:15: 1854 daAuts
     D:6: 1577 daAuts
   Orc:2: 1554 daAuts
    D:13: 1499 daAuts
     D:5: 1467 daAuts
     D:4: 1331 daAuts
